 Dungeon Crawl Stone Soup version 0.17-a0-2074-gaf3f87d (webtiles) character file.

3959 saye the Grappler (level 10, -1/148 (150) HPs)
             Began as a Troll Berserker on Oct 15, 2015.
             Was a High Priest of Trog.
             Slain by a hippogriff (5 damage)
             ... on level 10 of the Dungeon.
             The game lasted 00:35:43 (6152 turns).

saye the Grappler (Troll Berserker)                 Turns: 6152, Time: 00:35:43

HP:   -1/148 (150)  AC: 18    Str: 41    XL:     10   Next: 2%
MP:   9/9           EV:  6    Int:  3    God:    Trog [*****.]
Gold: 343           SH:  0    Dex:  9    Spells: 0 memorised, 9 levels left

rFire  + . .     SeeInvis .       - Unarmed
rCold  + . .     Clarity  .     F - +0 gold dragon armour (curse)
rNeg   . . .     SustAt   .     (no shield)
rPois  +         Gourm    +     (helmet restricted)
rElec  .         Spirit   .     (no cloak)
rCorr  .         Warding  .     (gloves unavailable)
rMut   .         Stasis   .     (boots unavailable)
MR     .....                    q - amulet of faith
Stlth  ..........               (no ring)
                                c - +6 ring of strength

@: berserking, very quick, not resistant to hostile enchantments, extremely
unstealthy
A: unfitting armour, claws 3, fast metabolism 3, gourmand, regeneration 2,
shaggy fur 1, tough skin 2
a: Burn Spellbooks, Berserk, Trog's Hand, Brothers in Arms, Renounce Religion


You were on level 10 of the Dungeon.
You worshipped Trog.
Trog was extremely pleased with you.
You were not hungry.

You visited 2 branches of the dungeon, and saw 11 of its levels.

You collected 343 gold pieces.

Inventory:

Hand Weapons
 e - a +1 whip of electrocution
 f - a +0 hunting sling
 j - a +0 club
 m - a +0 dagger
 o - a +0 club
 r - a +0 mace of holy wrath
 u - a +1 shortbow of evasion
Missiles
 b - 56 sling bullets
 k - 133 arrows
 n - 179 stones (quivered)
 O - 6 large rocks
Armour
 a - a +0 animal skin
 h - a +0 leather armour
 F - a cursed +0 gold dragon armour (worn)
Jewellery
 c - a +6 ring of strength (left claw)
 i - an uncursed amulet of resist mutation
 q - an amulet of faith (around neck)
 D - an uncursed ring of see invisible {unknown}
 S - an uncursed amulet of warding {unknown}
Wands
 z - a wand of confusion (17)
Scrolls
 t - 3 scrolls of identify
 w - 4 scrolls of remove curse
 x - a scroll of noise {unknown}
 y - 6 scrolls of amnesia
 E - a scroll of immolation {unknown}
 G - a scroll of enchant armour {unknown}
 L - 3 scrolls of teleportation {unknown}
 P - a scroll of brand weapon {unknown}
 Q - a scroll of magic mapping
Potions
 d - 2 potions of curing {unknown}
 g - 3 potions of lignification
 p - 4 potions of might
 v - 3 potions of invisibility {unknown}
 A - 2 potions of agility
 B - a potion of poison {unknown}
 C - a potion of resistance {unknown}
 M - a potion of heal wounds {unknown}
 N - a potion of haste {unknown}
 R - a potion of brilliance {unknown}
Comestibles
 l - a meat ration
 s - a royal jelly
 H - 3 fruits
 I - a beef jerky
 J - 4 bread rations
 K - a slice of pizza


   Skills:
 + Level 6.5 Fighting
 + Level 0.1 Maces & Flails
 + Level 6.2 Armour
 + Level 5.1 Dodging
 + Level 1.0 Stealth
 + Level 8.7 Unarmed Combat


You had 9 spell levels left.
You didn't know any spells.

Dungeon Overview and Level Annotations

Branches:
Dungeon (10/15)            Temple (1/1) D:4            Lair (0/8) D:10
    Orc: D:9-12

Altars:
Ashenzari
Dithmenos
Elyvilon
Fedhas
Makhleb
Nemelex Xobeh
Okawaru
Ru
Sif Muna
Trog
Vehumet
Yredelemnul
Zin
The Shining One

Shops:
D:4 }


Innate Abilities, Weirdness & Mutations

You are too large for most types of armour.
You have claws for hands.
Your metabolism is lightning-fast.
You like to eat raw meat.
You heal very quickly.
You are covered in fur (AC +1).
You have very tough skin (AC +2).


Message History

The komodo dragon bites you!
* * * LOW HITPOINT WARNING * * *
You scratch the komodo dragon but do no damage.
The komodo dragon is severely wounded.
The komodo dragon bites you but does no damage.
Use which ability?
A red film seems to cover your vision as you go berserk!
You feel yourself moving faster!
You feel mighty!
You feel somewhat more hungry. The komodo dragon bites you!!
* * * LOW HITPOINT WARNING * * *
You claw the komodo dragon!
The komodo dragon is almost dead.
You claw the komodo dragon!
You kill the komodo dragon!
Trog accepts your kill.
You have reached level 10!
The hippogriff bites you.
* * * LOW HITPOINT WARNING * * *
The hippogriff barely misses you. The hippogriff claws you.
You die...

.##..#..........#
................#...#
.≈≈≈≈........_..#...#
≈≈≈≈≈≈..........#...#
≈≈≈≈§≈...##.....#..#
.≈.>§§§..#.........#####
≈≈≈§§≈§..#....#.........
.§≈≈≈.≈..#....#.........
....≈≈..##....'.@.......
..........#####H........
§.... ......##... ..##.
..##..!.# . . #.#.
#....# # .....# .....#
#######


You could see a hippogriff.

Vanquished Creatures
  The ghost of veever the Covered, a novice DDFi (D:5)
  A komodo dragon (D:10)
  A fire drake (D:10)
  Prince Ribbit (D:9)
  The ghost of Vergil the Skirmisher, an amateur DrWn (D:4)
  A hippogriff (D:7)
  A soldier ant (D:6)
  4 centaurs
  3 sky beasts
  A necrophage (D:6)
  2 phantoms
  2 ogres
  The ghost of Gargoyl the Skirmisher, an amateur DsAK of Lugonu (D:3)
  An orc warrior (D:6)
  A gnoll sergeant (D:5)
  3 giant frogs
  2 scorpions
  A killer bee (D:6)
  A crimson imp (D:5)
  An orc priest (D:8)
  3 orc wizards
  3 hounds
  16 worker ants
  A killer bee zombie (D:8)
  A hound zombie (D:8)
  A hound skeleton (D:5)
  Robin (D:2)
  4 gnolls (D:5)
  9 adders
  An ooze (D:1)
  An adder zombie (D:6)
  4 worms
  6 giant geckos
  11 orcs
  10 bats
  11 giant cockroaches
  8 hobgoblins
  9 jackals
  2 quokkas
  2 ball pythons
  2 giant gecko skeletons
  5 giant newts
  12 goblins
  A jackal zombie (D:9)
  3 kobolds
  A quokka skeleton (D:4)
  A quokka zombie (D:6)
  8 rats
  A butterfly (D:6)
168 creatures vanquished.

Vanquished Creatures (others)
  An orc wizard (D:8)
1 creature vanquished.

Grand Total: 169 creatures vanquished

Notes
Turn   | Place    | Note
--------------------------------------------------------------
     0 | D:1      | saye the Troll Berserker began the quest for the Orb.
     0 | D:1      | Reached XP level 1. HP: 22/22 MP: 0/0
    50 | D:1      | Reached XP level 2. HP: 29/29 MP: 1/1
   850 | D:2      | Reached XP level 3. HP: 28/36 MP: 2/2
   860 | D:2      | Reached ** piety under Trog
  1386 | D:4      | Noticed a sky beast
  1390 | D:4      | Reached XP level 4. HP: 43/45 MP: 3/3
  1407 | D:4      | Killed a sky beast
  1407 | D:4      | Reached skill level 4 in Unarmed Combat
  1407 | D:4      | Reached XP level 5. HP: 31/53 MP: 4/4
  1439 | D:4      | Noticed Vergil's ghost (amateur DrWn)
  1464 | D:4      | HP: 3/79 [Vergil's ghost (4)]
  1466 | D:4      | Killed Vergil's ghost
  1466 | D:4      | Reached XP level 6. HP: 3/61 MP: 5/5
  1685 | D:4      | Noticed a centaur
  1698 | D:4      | Killed a centaur
  1838 | D:4      | Noticed a phantom
  1865 | D:4      | Reached skill level 5 in Unarmed Combat
  1877 | D:4      | Killed a phantom
  1877 | D:4      | Reached XP level 7. HP: 56/70 MP: 6/6
  2050 | D:3      | Noticed Gargoyl's ghost (amateur DsAK)
  2062 | D:3      | Killed Gargoyl's ghost
  2203 | D:2      | Noticed Robin
  2211 | D:2      | Killed Robin
  2973 | D:1      | Reached *** piety under Trog
  3447 | D:4      | Found a staircase to the Ecumenical Temple.
  3454 | D:4      | Noticed a centaur
  3474 | D:4      | Killed a centaur
  3474 | D:4      | Reached skill level 5 in Dodging
  3511 | Temple   | Entered the Ecumenical Temple
  3707 | D:4      | Found Kiasusim's Gadget Emporium.
  3810 | D:4      | Reached skill level 1 in Stealth
  4038 | D:5      | Entered Level 5 of the Dungeon
  4112 | D:5      | Reached skill level 1 in Armour
  4172 | D:5      | Reached XP level 8. HP: 35/79 MP: 7/7
  4178 | D:5      | Reached skill level 6 in Unarmed Combat
  4314 | D:5      | Found a glowing golden altar of the Shining One.
  4314 | D:5      | Found a radiant altar of Vehumet.
  4342 | D:5      | Noticed veever's ghost (novice DDFi)
  4349 | D:5      | Killed veever's ghost
  4669 | D:6      | Reached **** piety under Trog
  4671 | D:6      | Found a runed door.
  4677 | D:6      | Found a runed door.
  4690 | D:6      | Reached skill level 5 in Fighting
  4768 | D:6      | Reached skill level 7 in Unarmed Combat
  4799 | D:6      | Reached XP level 9. HP: 88/88 MP: 8/8
  5083 | D:6      | Reached skill level 5 in Armour
  5476 | D:7      | Reached ***** piety under Trog
  5599 | D:7      | Reached skill level 8 in Unarmed Combat
  6024 | D:9      | Noticed Prince Ribbit
  6050 | D:9      | Killed Prince Ribbit
  6089 | D:10     | Entered Level 10 of the Dungeon
  6089 | D:10     | Noticed a fire drake
  6090 | D:10     | Found a staircase to the Lair.
  6103 | D:10     | Killed a fire drake
  6126 | D:10     | Found an iron altar of Okawaru.
  6142 | D:10     | Noticed a komodo dragon
  6152 | D:10     | Killed a komodo dragon
  6152 | D:10     | Reached XP level 10. HP: 9/99 MP: 9/9
  6152 | D:10     | HP: 4/148 [hippogriff (5)]
  6152 | D:10     | Slain by a hippogriff

Vault maps used:
D:1:      mrwooster_arrival_statue, serial_park_tiny_2
D:2:      st_stairs_6, uniq_robin
D:3:      lightli_sewer_entry_pipes, first_bread, kennysheep_generic_room_3
D:4:      kennysheep_big_flooded_room, minmay_temple_entry_grid, serial_shops,
          shop
D:5:      nicolae_overflow_hidden_temple, gammafunk_temple_overflow_elements,
          serial_shops, shop_fountains
D:6:      lemuel_insect_pit
D:7:      uniq_crazy_yiuf_cottage
D:8:      overflow_temple_1_default, serial_shops, shop
D:9:      uniq_prince_ribbit1, uniq_psyche
D:10:     minmay_lair_entry_lava, basic_altar, uniq_nergalle, uniq_urug,
          uniq_snorg
Temple:   triangle_lava_temple_12

Action                   |  1- 3 |  4- 6 |  7- 9 | 10-12 || total
-------------------------+-------+-------+-------+-------++-------
Melee: Unarmed           |    67 |    61 |   406 |       ||   534
       Mace              |       |       |    10 |       ||    10
Invok: Berserk           |       |     2 |     3 |       ||     5
  Use: Scroll            |     1 |       |     3 |       ||     4
       Potion            |     2 |     1 |     1 |       ||     4
 Stab: Sleeping          |     1 |       |       |       ||     1
  Eat: Bread ration      |     2 |     1 |       |       ||     3
       Chunk             |     1 |     4 |    12 |       ||    17
       Meat ration       |       |     1 |     5 |       ||     6
